NYP
LOS ANGELES (NYP) DODGERS @ HILLSBORO HOPS
07/24/2047
 
TOP OF THE 1ST
Los Angeles (NYP) Dodgers batting - Pitching for Hillsboro Hops : RHP Alexis Priego
Pitching: RHP Alexis Priego
Batting: RHB Theo Schepers 0-0: Ball
1-0: Called Strike
1-1: Ball
2-1: Fly out, F4 (Line Drive, 4M, EV 70.0 MPH)
Batting: RHB Kekoa Kahele 0-0: Ball
1-0: Called Strike
1-1: Ground out 4-3 (Groundball, 4, EV 100.6 MPH)
Batting: LHB Chris Buchan 0-0: Ball
1-0: Swinging Strike
1-1: SINGLE (Groundball, 6D, EV 108.8 MPH)
Batting: RHB Ruben Serrata 0-0: Ball
1-0: Foul Ball, location: 2F
1-1: Foul Ball, location: 2F
1-2: Strikes out swinging
Top of the 1st over - 0 runs, 1 hit, 0 errors, 1 left on base; Los Angeles (NYP) 0 - Hillsboro 0
BOTTOM OF THE 1ST
Hillsboro Hops batting - Pitching for Los Angeles (NYP) Dodgers : RHP Guy Jerome
Pitching: RHP Guy Jerome
Batting: RHB Nelson Ozuna 0-0: Called Strike
0-1: Ball
1-1: Swinging Strike
1-2: Foul Ball, location: 2F
1-2: Foul Ball, location: 2F
1-2: Ball
2-2: Foul Ball, location: 2F
2-2: Ball
3-2: Base on Balls
Batting: RHB Longfellow Wetzler 0-0: Ball
Nelson Ozuna steals 2nd base
1-0: Foul Ball, location: 2F
1-1: Ball
2-1: Reached on error, E6 (Groundball, 6, EV 106.2 MPH)
Nelson Ozuna to third
Batting: RHB Terry Jarrells 0-0: Foul Ball, location: 2F
0-1: Swinging Strike
0-2: Strikes out swinging
Batting: RHB Danny Loyola 0-0: Called Strike
0-1: Swinging Strike
0-2: Hit by Pitch
Longfellow Wetzler to second
Batting: RHB Jonathan Underhill 0-0: Ball
1-0: Swinging Strike
1-1: Foul Ball, location: 2F
1-2: Ball
2-2: Foul Ball, location: 2F
2-2: Strikes out swinging
Batting: RHB Daniel Rivera 0-0: Called Strike
0-1: Called Strike
0-2: Ball
1-2: Ball
2-2: Ball
3-2: Strikes out looking
Bottom of the 1st over - 0 runs, 0 hits, 1 error, 3 left on base; Los Angeles (NYP) 0 - Hillsboro 0
TOP OF THE 2ND
Los Angeles (NYP) Dodgers batting - Pitching for Hillsboro Hops : RHP Alexis Priego
Batting: LHB Fernão Manta 0-0: Ball
1-0: Swinging Strike
1-1: Ball
2-1: Foul Ball, location: 2F
2-2: Strikes out swinging
Batting: LHB Jim Jardine 0-0: Ball
1-0: Ball
2-0: Foul Ball, location: 2F
2-1: Ball
3-1: Base on Balls
Batting: RHB Kevin Ezell 0-0: Swinging Strike
0-1: Grounds into double play, 6-4-3 (Groundball, 6, EV 90.0 MPH)
Top of the 2nd over - 0 runs, 0 hits, 0 errors, 0 left on base; Los Angeles (NYP) 0 - Hillsboro 0
BOTTOM OF THE 2ND
Hillsboro Hops batting - Pitching for Los Angeles (NYP) Dodgers : RHP Guy Jerome
Batting: RHB Chris McGrath 0-0: Ball
1-0: Called Strike
1-1: SINGLE (Groundball, 6S, EV 66.2 MPH) (infield hit)
Batting: RHB Ryuki Ogasawara 0-0: Foul Ball, location: 2F
0-1: Foul Ball, location: 2F
0-2: Strikes out looking
Batting: RHB Trevor Corey 0-0: Ball
1-0: Foul Ball, location: 2F
1-1: Fly out, F9 (Flyball, 9D, EV 100.6 MPH)
Batting: RHB Nelson Ozuna Pickoff Play to 1st, Runner tries for 2nd, OUT after rundown.
Bottom of the 2nd over - 0 runs, 1 hit, 0 errors, 0 left on base; Los Angeles (NYP) 0 - Hillsboro 0
TOP OF THE 3RD
Los Angeles (NYP) Dodgers batting - Pitching for Hillsboro Hops : RHP Alexis Priego
Batting: LHB Bobby Gambrell 0-0: Foul Ball, location: 2F
0-1: Ball
1-1: Ground out 4-3 (Groundball, 4, EV 102.5 MPH)
Batting: SHB Guy Jerome 0-0: Called Strike
0-1: Swinging Strike
0-2: Ball
1-2: Ground out 5-3 (Groundball, 56, EV 101.2 MPH)
Batting: RHB Theo Schepers 0-0: Called Strike
0-1: Swinging Strike
0-2: Strikes out swinging, 2-3 out at first.
Top of the 3rd over - 0 runs, 0 hits, 0 errors, 0 left on base; Los Angeles (NYP) 0 - Hillsboro 0
BOTTOM OF THE 3RD
Hillsboro Hops batting - Pitching for Los Angeles (NYP) Dodgers : RHP Guy Jerome
Batting: RHB Nelson Ozuna 0-0: Ball
1-0: Fly out, F8 (Line Drive, 8LD, EV 91.9 MPH)
Batting: RHB Longfellow Wetzler 0-0: Ball
1-0: Ball
2-0: Ground out 4-3 (Groundball, 4, EV 88.8 MPH)
Batting: RHB Terry Jarrells 0-0: Swinging Strike
0-1: Ball
1-1: Ball
2-1: Ball
3-1: Base on Balls
Batting: RHB Danny Loyola 0-0: Ball
Terry Jarrells steals 2nd base
1-0: Ball
2-0: Ground out 6-3 (Groundball, 6, EV 109.4 MPH)
Bottom of the 3rd over - 0 runs, 0 hits, 0 errors, 1 left on base; Los Angeles (NYP) 0 - Hillsboro 0
TOP OF THE 4TH
Los Angeles (NYP) Dodgers batting - Pitching for Hillsboro Hops : RHP Alexis Priego
Batting: RHB Kekoa Kahele 0-0: Called Strike
0-1: Ball
1-1: Called Strike
1-2: Foul Ball, location: 2F
1-2: Ball
2-2: Foul Ball, location: 2F
2-2: Ball
3-2: Base on Balls
Batting: LHB Chris Buchan 0-0: Ball
1-0: Ball
2-0: Called Strike
2-1: DOUBLE (Line Drive, 7LM, EV 95.6 MPH)
Kekoa Kahele to third
Batting: RHB Ruben Serrata 0-0: Foul Ball, location: 2F
0-1: Foul Ball, location: 2F
0-2: Ball
1-2: Ground out 6-3 (Groundball, 6, EV 85.0 MPH)
Batting: LHB Fernão Manta 0-0: Called Strike
0-1: Reached via error on a dropped throw from 1B, E1 (Groundball, 34S, EV 73.8 MPH)
Kekoa Kahele scores
Chris Buchan to third
Batting: LHB Jim Jardine 0-0: Ball
1-0: Swinging Strike
1-1: SINGLE (Groundball, 34, EV 102.5 MPH)
Chris Buchan scores
Fernão Manta to second
Runner from 2nd tries for 3rd, SAFE, throw by RF made to third
Batting: RHB Kevin Ezell 0-0: Ball
1-0: Called Strike
1-1: Ball
2-1: Foul Ball, location: 2F
2-2: Strikes out swinging
Batting: LHB Bobby Gambrell 0-0: Ball
1-0: Ground out 4-3 (Groundball, 4S, EV 67.5 MPH)
Top of the 4th over - 2 runs, 2 hits, 1 error, 2 left on base; Los Angeles (NYP) 2 - Hillsboro 0
BOTTOM OF THE 4TH
Hillsboro Hops batting - Pitching for Los Angeles (NYP) Dodgers : RHP Guy Jerome
Batting: RHB Jonathan Underhill 0-0: Called Strike
0-1: Swinging Strike
0-2: Ball
1-2: SINGLE (Groundball, 4M, EV 107.5 MPH) (infield hit)
Batting: RHB Daniel Rivera 0-0: Called Strike
0-1: Ball
1-1: Swinging Strike
1-2: Ball
2-2: Foul Ball, location: 2F
2-2: Foul Ball, location: 2F
2-2: Ball
3-2: Fly out, F7 (Line Drive, 78D, EV 90.6 MPH)
Batting: RHB Chris McGrath 0-0: Ball
Jonathan Underhill steals 2nd base
1-0: Called Strike
1-1: Ball
2-1: Ball
3-1: SINGLE (Groundball, 56, EV 98.8 MPH)
Jonathan Underhill to third
Runner from 3rd tries for Home, SAFE, throw by LF to home
Batting: RHB Ryuki Ogasawara 0-0: Ball
1-0: Called Strike
Chris McGrath steals 2nd base
1-1: Ball
2-1: Ball
3-1: Base on Balls
Batting: RHB Trevor Corey 0-0: Ball
1-0: Ball
2-0: Swinging Strike
2-1: Fly out, F8 (Flyball, 8LS, EV 82.5 MPH)
Batting: RHB Nelson Ozuna 0-0: Foul Ball, location: 2F
0-1: Ball
1-1: Fielders Choice at 2nd, 5-4 (Groundball, 56, EV 101.9 MPH)
Bottom of the 4th over - 1 run, 2 hits, 0 errors, 2 left on base; Los Angeles (NYP) 2 - Hillsboro 1
TOP OF THE 5TH
Los Angeles (NYP) Dodgers batting - Pitching for Hillsboro Hops : RHP Alexis Priego
Batting: SHB Guy Jerome 0-0: Swinging Strike
0-1: Called Strike
0-2: Foul Ball, location: 2F
0-2: Foul Ball, location: 2F
0-2: Fly out, F2 (Popup, 23F, EV 86.9 MPH)
Batting: RHB Theo Schepers 0-0: Ball
1-0: Ball
2-0: Swinging Strike
2-1: Called Strike
2-2: Strikes out swinging
Batting: RHB Kekoa Kahele 0-0: Bunt for hit to 23 - play at first, batter safe!
Batting: LHB Chris Buchan 0-0: Called Strike
0-1: Called Strike
0-2: Foul Ball, location: 2F
0-2: Ball
1-2: Strikes out swinging
Top of the 5th over - 0 runs, 1 hit, 0 errors, 1 left on base; Los Angeles (NYP) 2 - Hillsboro 1
BOTTOM OF THE 5TH
Hillsboro Hops batting - Pitching for Los Angeles (NYP) Dodgers : RHP Guy Jerome
Pitching: RHP Alfonso Ortega
Batting: RHB Longfellow Wetzler 0-0: Fly out, F9 (Flyball, 9, EV 89.4 MPH)
Batting: RHB Terry Jarrells 0-0: Foul Ball, location: 2F
0-1: Called Strike
0-2: Ball
1-2: Strikes out swinging
Batting: RHB Danny Loyola 0-0: Ball
1-0: Foul Ball, location: 2F
1-1: Swinging Strike
1-2: Ball
2-2: Ball
3-2: Strikes out swinging
Bottom of the 5th over - 0 runs, 0 hits, 0 errors, 0 left on base; Los Angeles (NYP) 2 - Hillsboro 1
TOP OF THE 6TH
Los Angeles (NYP) Dodgers batting - Pitching for Hillsboro Hops : RHP Alexis Priego
Batting: RHB Ruben Serrata 0-0: Foul Ball, location: 2F
0-1: Ball
1-1: SINGLE (Groundball, 3D, EV 101.9 MPH)
Batting: LHB Fernão Manta 0-0: Foul Ball, location: 2F
0-1: Ball
1-1: Called Strike
1-2: Strikes out swinging
Batting: LHB Jim Jardine 0-0: SINGLE (Groundball, 5S, EV 65.6 MPH) (infield hit)
Ruben Serrata to second
Batting: RHB Kevin Ezell 0-0: Called Strike
0-1: Called Strike
Ruben Serrata steals 3rd base
0-2: Strikes out swinging
Batting: LHB Bobby Gambrell 0-0: Foul Ball, location: 2F
0-1: Ball
1-1: Ball
2-1: Called Strike
2-2: Ball
3-2: Strikes out swinging
Top of the 6th over - 0 runs, 2 hits, 0 errors, 2 left on base; Los Angeles (NYP) 2 - Hillsboro 1
BOTTOM OF THE 6TH
Hillsboro Hops batting - Pitching for Los Angeles (NYP) Dodgers : RHP Alfonso Ortega
Batting: RHB Jonathan Underhill 0-0: Called Strike
0-1: Ball
1-1: Foul Ball, location: 2F
1-2: Strikes out swinging
Pinch Hitting: SHB Pete Perla 0-0: Ball
1-0: Ball
2-0: Called Strike
2-1: Ball
3-1: Base on Balls
Batting: RHB Chris McGrath
Pinch Hitting: LHB Henry Hutson 0-0: Ball
1-0: Called Strike
1-1: Ball
2-1: Foul Ball, location: 2F
2-2: Ball
3-2: Foul Ball, location: 2F
3-2: Ground out 4-3 (Groundball, 34, EV 108.8 MPH)
Pete Perla to second
Pinch Hitting: LHB Dillon Rizzuto 0-0: Ball
1-0: Ball
2-0: Foul Ball, location: 2F
2-1: Foul Ball, location: 2F
2-2: TRIPLE (Flyball, 8RXD, EV 98.8 MPH)
Pete Perla scores
Batting: RHB Trevor Corey 0-0: DOUBLE (Line Drive, 89XD, EV 105.0 MPH)
Dillon Rizzuto scores
Batting: RHB Nelson Ozuna 0-0: Called Strike
0-1: Foul Ball, location: 2F
0-2: Foul Ball, location: 2F
0-2: Ball
1-2: Foul Ball, location: 2F
1-2: Ball
2-2: Ground out 5-3 (Groundball, 56S, EV 66.2 MPH)
Bottom of the 6th over - 2 runs, 2 hits, 0 errors, 1 left on base; Los Angeles (NYP) 2 - Hillsboro 3
TOP OF THE 7TH
Los Angeles (NYP) Dodgers batting - Pitching for Hillsboro Hops : RHP Alexis Priego
Pitching: RHP Joe Rivin
Now at 2B: Pete Perla
Now at 3B: Dwane Reed
Now at SS: Jonathan Underhill
Now in LF: Jake Shelton
Batting: SHB Guy Jerome 0-0: Ground out 6-3 (Groundball, 6, EV 93.1 MPH)
Batting: RHB Theo Schepers 0-0: Foul Ball, location: 2F
0-1: Ball
1-1: Ball
2-1: Ball
3-1: Base on Balls
Pinch Hitting: LHB Cliff Thomas 0-0: Called Strike
0-1: Ball
1-1: Called Strike
Theo Schepers steals 2nd base
1-2: Strikes out swinging
Batting: LHB Chris Buchan 0-0: Called Strike
0-1: Called Strike
0-2: DOUBLE (Line Drive, 5D, EV 100.6 MPH)
Theo Schepers scores
Batting: RHB Ruben Serrata 0-0: Ball
1-0: Fly out, F7 (Flyball, 7D, EV 105.0 MPH)
Top of the 7th over - 1 run, 1 hit, 0 errors, 1 left on base; Los Angeles (NYP) 3 - Hillsboro 3
BOTTOM OF THE 7TH
Hillsboro Hops batting - Pitching for Los Angeles (NYP) Dodgers : RHP Alfonso Ortega
Now in RF: Juan Gallegos
Batting: RHB Longfellow Wetzler 0-0: SINGLE (Groundball, 4MS, EV 70.6 MPH) (infield hit)
Batting: RHB Terry Jarrells 0-0: Ball
Longfellow Wetzler is caught stealing 2nd base 2-4
1-0: Swinging Strike
1-1: Ball
2-1: SOLO HOME RUN (Flyball, 7D, EV 98.8 MPH), Distance : 410 ft
Pitching: RHP Chris Briscoe
Batting: RHB Danny Loyola 0-0: Called Strike
0-1: Swinging Strike
0-2: Strikes out swinging
Batting: RHB Jonathan Underhill 0-0: Ball
1-0: Called Strike
1-1: Called Strike
1-2: Strikes out swinging
Bottom of the 7th over - 1 run, 2 hits, 0 errors, 0 left on base; Los Angeles (NYP) 3 - Hillsboro 4
TOP OF THE 8TH
Los Angeles (NYP) Dodgers batting - Pitching for Hillsboro Hops : RHP Joe Rivin
Now at 1B: Orlando Florez
Batting: LHB Fernão Manta 0-0: Ball
1-0: Ball
2-0: Ball
3-0: Called Strike
3-1: Foul Ball, location: 2F
3-2: Foul Ball, location: 2F
3-2: Base on Balls
Pitching: LHP Chris Bonfanti
Batting: LHB Jim Jardine 0-0: Called Strike
0-1: Ball
1-1: Foul Ball, location: 2F
1-2: Grounds into double play, 6-4-3 (Groundball, 6, EV 102.5 MPH)
Batting: RHB Kevin Ezell 0-0: Foul Ball, location: 2F
0-1: Swinging Strike
0-2: Ball
1-2: Ball
2-2: Ball
3-2: DOUBLE (Line Drive, 89XD, EV 103.8 MPH)
Batting: LHB Bobby Gambrell 0-0: Swinging Strike
0-1: Ball
1-1: Ball
2-1: Called Strike
2-2: Ball
3-2: Foul Ball, location: 2F
3-2: Strikes out swinging
Top of the 8th over - 0 runs, 1 hit, 0 errors, 1 left on base; Los Angeles (NYP) 3 - Hillsboro 4
BOTTOM OF THE 8TH
Hillsboro Hops batting - Pitching for Los Angeles (NYP) Dodgers : RHP Chris Briscoe
Batting: SHB Pete Perla 0-0: Foul Ball, location: 2F
0-1: Called Strike
0-2: Strikes out swinging
Batting: RHB Dwane Reed 0-0: Called Strike
0-1: Called Strike
0-2: Ground out 4-3 (Groundball, 4MD, EV 79.4 MPH)
Batting: RHB Jake Shelton 0-0: Ball
1-0: Ground out 1-3 (Groundball, 13, EV 70.6 MPH)
Bottom of the 8th over - 0 runs, 0 hits, 0 errors, 0 left on base; Los Angeles (NYP) 3 - Hillsboro 4
TOP OF THE 9TH
Los Angeles (NYP) Dodgers batting - Pitching for Hillsboro Hops : LHP Chris Bonfanti
Pitching: LHP Jose Estrada
Batting: SHB Guy Jerome 0-0: Ball
1-0: Called Strike
1-1: Ball
2-1: Foul Ball, location: 2F
2-2: Strikes out looking
Batting: RHB Theo Schepers 0-0: Called Strike
0-1: Foul Ball, location: 2F
0-2: Ball
1-2: Ball
2-2: Ball
3-2: Foul Ball, location: 2F
3-2: Strikes out swinging
Batting: RHB Juan Gallegos 0-0: Foul Ball, location: 2F
0-1: Called Strike
0-2: Ball
1-2: Ball
2-2: Foul Ball, location: 2F
2-2: Strikes out swinging
Top of the 9th over - 0 runs, 0 hits, 0 errors, 0 left on base; Los Angeles (NYP) 3 - Hillsboro 4
Thursday, December 15th , 2022 - OOTP Baseball 23.9 Build 102